 Dungeon Crawl Stone Soup version 0.30.1-4-g462c640d31 (webtiles) character file.

Game seed: 9115900156973073782

242 booth the Chopper (level 5, -1/42 HPs)
             Began as a Demonspawn Monk on Aug 11, 2023.
             Slain by a jelly (2 damage)
             ... on level 4 of the Dungeon on Aug 12, 2023.
             The game lasted 00:16:13 (2757 turns).

booth the Chopper (Demonspawn Monk)                 Turns: 2757, Time: 00:16:13

Health: -1/42      AC: -4    Str: 19    XL:     5   Next: 82%
Magic:  8/8        EV: 13    Int: 12    God:
Gold:   194        SH:  0    Dex: 15    Spells: 8/8 levels left

rFire   . . .        a - +0 hand axe (flame)
rCold   . . .        d - orb {light}
rNeg    . . .        b - +0 robe
rPois   .            (no helmet)
rElec   .            (no cloak)
rCorr   .            e - +1 pair of gloves
SInv    .            (no boots)
Will    +....        (no amulet)
Stlth   +            m - +6 ring of strength
HPRegen 0.27/turn    l - ring of willpower
MPRegen 0.11/turn

%: no passive effects
@: corroded, glowing
A: foul stench 1, powered by pain 1
a: no special abilities


You were on level 4 of the Dungeon.
You visited 1 branch of the dungeon, and saw 4 of its levels.

You collected 194 gold pieces.

Inventory:

Hand Weapons
 a - a +0 hand axe of flaming (weapon)
 r - a +0 mace
 s - a +0 war axe
Missiles
 p - 4 poisoned darts (quivered)
Armour
 b - a +0 robe (worn)
 d - an orb of light (worn)
 e - a +1 pair of gloves (worn)
 i - a +0 leather armour
Jewellery
 k - a ring of flight
 l - a ring of willpower (right hand)
 m - a +6 ring of strength (left hand)
 o - a +6 ring of intelligence
Wands
 q - a wand of charming (8)
Potions
 c - a potion of ambrosia
 f - a potion of cancellation
 g - 2 potions of heal wounds
 h - 2 potions of brilliance
 j - 5 potions of curing
 n - a potion of degeneration {unknown}


   Skills:
 + Level 4.0 Fighting
 * Level 4.3 Axes
 + Level 3.6 Dodging
 + Level 2.0 Spellcasting


You had 8 spell levels left.
You didn't know any spells.
Your spell library contained the following spells:

 Spells                   Type           Power      Damage    Failure   Level
 Magic Dart               Conj           4%         1d3       26%         1
 Sandblast                Erth           2%         2d4       26%         1
 Call Imp                 Summ           2%         N/A       38%         2
 Passwall                 Tmut/Erth      0%         N/A       38%         2
 Mephitic Cloud           Conj/Pois/Air  1%         N/A       63%         3
 Stone Arrow              Conj/Erth      2%         3d7       63%         3


Dungeon Overview and Level Annotations

Branches:
Dungeon (4/15)
 Temple: D:4-7

Altars:

Shops:
D:1 :


Innate Abilities, Weirdness & Mutations

You may rarely emit foul miasma when damaged in melee.
You sometimes gain a little power by taking damage.


Message History

The hobgoblin barely misses you.
You hit the hobgoblin. You burn the hobgoblin.
You kill the hobgoblin!
You barely miss the hobgoblin. The hobgoblin closely misses you.
You hit the hobgoblin. You burn the hobgoblin.
The hobgoblin is severely wounded.
The hobgoblin barely misses you.
You hit the hobgoblin. You burn the hobgoblin.
You kill the hobgoblin!
Found a scroll labelled RAUCOUSKUI.
An orc comes into view. It is wielding a +0 mace.
Found a stone staircase leading down.
The orc shouts!
A jelly comes into view.
You hit the orc. You burn the orc.
The orc is almost dead.
The orc completely misses you.
You hit the orc. You burn the orc.
You kill the orc!
The jelly barely misses you.
Your Spellcasting skill increases to level 2!
You hit the jelly. You burn the jelly. The acid corrodes you!
Your hands burn!
The jelly is moderately wounded.
The jelly hits you.
You are splashed with acid!
You hit the jelly. You burn the jelly.
Your hands burn!
The jelly is heavily wounded.
The jelly barely misses you.
You hit the jelly. You burn the jelly. The acid corrodes you!
Your hands burn!
The jelly is severely wounded.
The jelly closely misses you.
You hit the jelly. You burn the jelly.
Your hands burn!
The jelly is almost dead.
The jelly hits you.
You are splashed with acid!
* * * LOW HITPOINT WARNING * * *
You focus on the pain.
You feel your power returning.
You hit the jelly. You burn the jelly.
Your hands burn!
* * * LOW HITPOINT WARNING * * *
The jelly is almost dead.
The jelly hits you.
You die...

#. #..#
#. #..###
#....#
#.#.#.#
.....#.#
#.#.###.#
#..g# #.#
....# #.#
###. #@#
# #J# #.#
... >.#..
J?. .#.
.... ##.#
....# #
....#


You could see a jelly.

Vanquished Creatures
  A hound (D:4)
  2 orc priests
  An orc wizard (D:3)
  6 adders
  A worm (D:3)
  A dart slug (D:4)
  11 orcs
  4 ball pythons
  4 endoplasms
  3 giant cockroaches
  4 goblins (D:3)
  7 hobgoblins
  4 kobolds
  4 quokkas
  3 bats
  A frilled lizard (D:2)
  3 rats
60 creatures vanquished.

Notes
Turn   | Place    | Note
-------+----------+-------------------------------------------
     0 | D:1      | booth the Demonspawn Monk began the quest for the Orb.
     0 | D:1      | Reached XP level 1. HP: 18/18 MP: 1/1
   156 | D:1      | Found Aqitz's Vocational Training.
   251 | D:1      | Gained mutation: You may rarely emit foul miasma when
                  | damaged in melee. [demonic ancestry]
   251 | D:1      | Reached XP level 2. HP: 24/24 MP: 2/2
   562 | D:2      | Found a faded altar of an unknown god.
   890 | D:2      | Reached XP level 3. HP: 27/29 MP: 2/4
  1374 | D:3      | Reached skill level 1 in Spellcasting
  1374 | D:3      | Gained mutation: You sometimes gain a little power by
                  | taking damage. [demonic ancestry]
  1374 | D:3      | Reached XP level 4. HP: 21/35 MP: 5/5
  1913 | D:3      | You fall into a shaft and drop 1 floor!
  2048 | D:3      | Reached XP level 5. HP: 38/42 MP: 7/7
  2757 | D:4      | HP: 1/42 [acid (3)]
  2757 | D:4      | Slain by a jelly

Illustrated notes

Levels and vault maps discovered:
D:1:      mrwooster_arrival_statue, layout_rooms, minmay_misc_feat_tiny,
          nicolae_shop_vocational
D:2:      layout_rooms, ebering_ecumenical_altar_hall, corner_web_ring
D:3:      layout_basic
D:4:      layout_loops_ring, fedhas_ov_isle_minmay,
          chequers_temple_overflow_statue_of_worship,
          hangedman_abyss_or_decor_stagger

Skill      XL: |  1  2  3  4  5 |
---------------+----------------+-----
Axes           | 3 4 |  4.3
Dodging        | 3 |  3.6
Spellcasting   | 1 2 |  2.0
Fighting       | 4 |  4.0

Action                     |  1- 3 |  4- 6 || total
---------------------------+-------+-------++-------
  Melee: Hand axe          |    88 |   109 ||   197
    Use: Scroll            |     5 |     3 ||     8
         Potion            |     3 |       ||     3
 Armour: Robe              |     9 |    11 ||    20
  Dodge: Dodged            |    43 |    67 ||   110
